[ AOE2 MATCH · #505651232 ]
UnrankedMalians vs Chinese
Player's team · WIN
Rival team · LOSS
[ REPLAY ANALYSIS · EXTRACTED FROM THE RECORDED GAME ]
Feudal
10:58
Castle
20:30
Imperial
—
| APM avg | 82.0 |
| APM peak | 123 |
| eAPM avg | 21.2 |
| Villagers / military | 38 / 18 |
Focus
⚔️ 25.5% · 🌾 74.5%
Knight ×12 · Militia ×3 · Scout Cavalry ×3
Feudal
12:28
Castle
—
Imperial
—
| APM avg | 51.6 |
| APM peak | 95 |
| eAPM avg | 21.7 |
| Villagers / military | 39 / 24 |
Focus
⚔️ 24.6% · 🌾 75.4%
Archer ×11 · Spearman ×8 · Skirmisher ×5
Match map
Initial resources + every placement click. Lines = walls · curves = elevation contours. ◆ gold · ⬟ stone · ● berries · ✦ relic · ◌ wall gap
Your base· ✓ Closed at 20:30 · 43t walls · 1 gate(s)
Jahhed's base· Open — unwalled flank
Smoothed initial terrain · ◌ = detected wall gap · hover for details
Inputs per minute
— uel - - Jahhed
Build order — uel
129 actions detected in the replay
| 0:01 | Create | Villager (Male) |
| 0:01 | Create | Villager (Male) |
| 0:02 | Build | House |
| 0:03 | Build | House |
| 0:13 | Create | Villager (Male) |
| 0:13 | Create | Villager (Male) |
| 1:23 | Create | Villager (Male) |
| 1:37 | Create | Villager (Male) |
| 2:01 | Build | Lumber Camp |
| 2:27 | Create | Villager (Male) |
| 2:46 | Create | Villager (Male) |
| 3:02 | Create | Villager (Male) |
| 3:02 | Create | Villager (Male) |
| 3:35 | Create | Villager (Male) |
| 3:49 | Build | House |
| 4:06 | Create | Villager (Male) |
| 4:15 | Build | House |
| 4:19 | Create | Villager (Male) |
| 4:25 | Build | Barracks |
| 4:42 | Create | Villager (Male) |
| 4:55 | Create | Villager (Male) |
| 5:01 | Build | House |
| 5:03 | Build | House |
| 5:32 | Create | Militia |
| 5:45 | Create | Militia |
| 5:48 | Build | House |
| 6:01 | Create | Militia |
| 6:05 | Create | Villager (Male) |
| 6:32 | Create | Villager (Male) |
| 6:45 | Create | Villager (Male) |
| 6:58 | Create | Villager (Male) |
| 7:10 | Create | Villager (Male) |
| 7:12 | Build | Mill |
| 7:52 | Research | Loom |
| 8:48 | Research | Feudal Age |
| 8:48 | Research | Feudal Age |
| 9:01 | Build | Lumber Camp |
| 9:05 | Build | Farm |
| 9:07 | Build | Farm |
| 9:45 | Create | Villager (Male) |
| 10:07 | Create | Villager (Male) |
| 10:55 | Build | Farm |
| 10:58 | Age | Feudal Age |
| 11:05 | Build | Stable |
| 11:09 | Research | Double-Bit Axe |
| 11:10 | Research | Horse Collar |
| 11:23 | Build | Watch Tower |
| 11:32 | Build | House |
| 11:33 | Build | House |
| 11:34 | Create | Villager (Male) |
| 11:49 | Build | Palisade Wall |
| 11:50 | Build | Palisade Wall |
| 11:50 | Build | Palisade Wall |
| 11:51 | Create | Scout Cavalry |
| 11:53 | Create | Scout Cavalry |
| 11:55 | Create | Villager (Male) |
| 11:56 | Build | Farm |
| 12:03 | Build | Farm |
| 12:38 | Create | Scout Cavalry |
| 12:47 | Build | Palisade Wall |
| 12:50 | Create | Villager (Male) |
| 12:52 | Build | Farm |
| 12:52 | Build | Farm |
| 12:55 | Build | Palisade Wall |
| 13:02 | Create | Villager (Male) |
| 13:04 | Build | Palisade Wall |
| 13:11 | Build | Palisade Wall |
| 13:17 | Build | Farm |
| 13:18 | Build | Farm |
| 13:42 | Build | Blacksmith |
| 13:54 | Create | Villager (Male) |
| 14:02 | Create | Villager (Male) |
| 14:24 | Build | Palisade Wall |
| 14:33 | Create | Villager (Male) |
| 14:43 | Create | Villager (Male) |
| 14:45 | Build | Farm |
| 14:45 | Build | Farm |
| 14:45 | Build | Farm |
| 14:49 | Build | Farm |
| 15:02 | Build | House |
| 15:03 | Build | House |
| 15:06 | Build | Palisade Wall |
| 15:11 | Build | Mining Camp |
| 15:20 | Create | Villager (Male) |
| 15:22 | Build | Palisade Gate |
| 15:29 | Create | Villager (Male) |
| 15:49 | Build | House |
| 15:58 | Create | Villager (Male) |
| 16:00 | Build | House |
| 16:14 | Build | House |
| 16:15 | Build | House |
| 16:32 | Build | Farm |
| 16:34 | Create | Villager (Male) |
| 17:09 | Create | Villager (Male) |
| 17:17 | Build | Farm |
| 17:50 | Research | Castle Age |
| 17:50 | Research | Castle Age |
| 18:14 | Build | Stable |
| 18:17 | Research | Scale Barding Armor |
| 18:30 | Build | Lumber Camp |
| 18:51 | Research | Bloodlines |
| 18:51 | Research | Bloodlines |
| 19:23 | Research | Gold Mining |
| 19:32 | Build | House |
| 20:30 | Age | Castle Age |
| 20:32 | Create | Knight |
| 20:32 | Create | Knight |
| 20:51 | Create | Knight |
| 20:52 | Research | Bow Saw |
| 21:02 | Create | Villager (Male) |
| 21:07 | Create | Knight |
| 21:14 | Create | Villager (Male) |
| 21:23 | Build | Market |
| 21:29 | Create | Knight |
| 21:32 | Build | Farm |
| 21:36 | Create | Knight |
| 21:43 | Research | Forging |
| 22:00 | Research | Chain Barding Armor |
| 22:26 | Create | Knight |
| 22:27 | Create | Knight |
| 22:43 | Create | Knight |
| 22:47 | Create | Villager (Male) |
| 22:48 | Build | Farm |
| 22:48 | Build | Farm |
| 22:48 | Build | Farm |
| 22:49 | Build | Farm |
| 22:58 | Create | Knight |
| 23:20 | Create | Knight |
| 23:22 | Create | Knight |
Build order — Jahhed
127 actions detected in the replay
| 1:55 | Research | Loom |
| 2:45 | Create | Villager (Male) |
| 3:14 | Create | Villager (Male) |
| 3:39 | Create | Villager (Male) |
| 3:40 | Create | Villager (Male) |
| 4:11 | Create | Villager (Male) |
| 4:34 | Create | Villager (Male) |
| 4:41 | Create | Villager (Male) |
| 4:46 | Build | Lumber Camp |
| 5:08 | Create | Villager (Male) |
| 5:40 | Create | Villager (Male) |
| 6:00 | Create | Villager (Male) |
| 6:04 | Create | Villager (Male) |
| 6:04 | Create | Villager (Male) |
| 6:08 | Build | House |
| 6:58 | Build | Palisade Wall |
| 7:00 | Build | House |
| 7:26 | Create | Villager (Male) |
| 7:37 | Build | Mill |
| 7:38 | Create | Villager (Male) |
| 7:51 | Create | Villager (Male) |
| 7:53 | Build | House |
| 7:57 | Build | Palisade Wall |
| 7:59 | Build | Palisade Wall |
| 8:02 | Build | Palisade Wall |
| 8:06 | Create | Villager (Male) |
| 8:25 | Build | House |
| 8:32 | Build | Palisade Wall |
| 8:34 | Build | Palisade Wall |
| 9:21 | Create | Villager (Male) |
| 9:43 | Create | Villager (Male) |
| 10:04 | Build | Barracks |
| 10:18 | Research | Feudal Age |
| 10:23 | Build | Palisade Wall |
| 10:45 | Build | Palisade Wall |
| 10:51 | Build | Mining Camp |
| 11:50 | Build | House |
| 11:54 | Build | Palisade Wall |
| 11:57 | Build | Palisade Wall |
| 12:05 | Build | Palisade Wall |
| 12:25 | Create | Villager (Male) |
| 12:28 | Age | Feudal Age |
| 12:35 | Create | Spearman |
| 12:38 | Build | Archery Range |
| 12:41 | Create | Villager (Male) |
| 12:51 | Build | Palisade Wall |
| 12:55 | Build | Palisade Wall |
| 13:02 | Build | Palisade Wall |
| 13:05 | Create | Skirmisher |
| 13:06 | Create | Skirmisher |
| 13:07 | Create | Spearman |
| 13:12 | Create | Villager (Male) |
| 13:29 | Create | Villager (Male) |
| 13:32 | Build | Lumber Camp |
| 13:49 | Build | House |
| 13:58 | Create | Skirmisher |
| 14:21 | Create | Skirmisher |
| 14:27 | Create | Villager (Male) |
| 14:34 | Build | Farm |
| 14:40 | Build | House |
| 14:47 | Build | Farm |
| 14:57 | Research | Town Watch |
| 14:57 | Create | Villager (Male) |
| 14:59 | Create | Skirmisher |
| 15:18 | Build | House |
| 15:24 | Build | House |
| 15:26 | Build | Palisade Wall |
| 15:29 | Create | Villager (Male) |
| 15:45 | Build | Farm |
| 16:02 | Create | Villager (Male) |
| 16:06 | Build | Mining Camp |
| 16:17 | Build | Palisade Wall |
| 16:20 | Build | House |
| 16:21 | Build | House |
| 16:24 | Build | Palisade Wall |
| 16:26 | Create | Villager (Male) |
| 16:31 | Build | Farm |
| 16:42 | Research | Horse Collar |
| 16:43 | Build | House |
| 16:45 | Build | House |
| 16:53 | Build | House |
| 17:02 | Build | Farm |
| 17:04 | Build | Farm |
| 17:05 | Create | Villager (Male) |
| 17:21 | Build | Farm |
| 17:32 | Build | Farm |
| 17:35 | Create | Villager (Male) |
| 17:52 | Create | Archer |
| 18:08 | Create | Villager (Male) |
| 18:22 | Build | Palisade Wall |
| 18:26 | Create | Villager (Male) |
| 18:35 | Create | Archer |
| 18:38 | Build | Farm |
| 18:39 | Build | Farm |
| 19:00 | Build | Farm |
| 19:02 | Create | Villager (Male) |
| 19:08 | Build | Farm |
| 19:09 | Create | Villager (Male) |
| 19:17 | Create | Archer |
| 19:29 | Research | Wheelbarrow |
| 19:40 | Build | Farm |
| 20:19 | Create | Villager (Male) |
| 20:40 | Create | Villager (Male) |
| 21:03 | Build | House |
| 21:23 | Create | Archer |
| 21:23 | Create | Archer |
| 21:24 | Create | Spearman |
| 21:25 | Create | Spearman |
| 21:29 | Create | Villager (Male) |
| 21:31 | Build | House |
| 21:37 | Build | Palisade Wall |
| 21:38 | Build | Palisade Wall |
| 21:47 | Create | Spearman |
| 22:00 | Create | Villager (Male) |
| 22:02 | Build | Blacksmith |
| 22:03 | Create | Spearman |
| 22:42 | Create | Spearman |
| 22:43 | Create | Archer |
| 22:44 | Create | Archer |
| 22:53 | Research | Scale Mail Armor |
| 23:02 | Create | Spearman |
| 23:04 | Create | Archer |
| 23:05 | Create | Archer |
| 23:05 | Create | Archer |
| 23:05 | Create | Archer |
| 23:14 | Create | Villager (Male) |
| 23:21 | Create | Villager (Male) |
Match timeline
| 4:25 | uel · first_building Barracks |
| 6:58 | Jahhed · wall_segment Palisade Wall x5 |
| 7:57 | Jahhed · wall_segment Palisade Wall x1 |
| 7:59 | Jahhed · wall_segment Palisade Wall x1 |
| 8:02 | Jahhed · wall_segment Palisade Wall x1 |
| 8:32 | Jahhed · wall_segment Palisade Wall x2 |
| 8:34 | Jahhed · wall_segment Palisade Wall x1 |
| 10:04 | Jahhed · first_building Barracks |
| 10:23 | Jahhed · wall_segment Palisade Wall x1 |
| 10:45 | Jahhed · wall_segment Palisade Wall x1 |
| 10:58 | uel · age_up feudal |
| 11:05 | uel · first_building Stable |
| 11:49 | uel · wall_segment Palisade Wall x1 |
| 11:50 | uel · wall_segment Palisade Wall x1 |
| 11:50 | uel · wall_segment Palisade Wall x1 |
| 11:54 | Jahhed · wall_segment Palisade Wall x1 |
| 11:57 | Jahhed · wall_segment Palisade Wall x1 |
| 12:05 | Jahhed · wall_segment Palisade Wall x1 |
| 12:28 | Jahhed · age_up feudal |
| 12:38 | Jahhed · first_building Archery Range |
| 12:47 | uel · wall_segment Palisade Wall x1 |
| 12:51 | Jahhed · wall_segment Palisade Wall x1 |
| 12:55 | Jahhed · wall_segment Palisade Wall x1 |
| 12:55 | uel · wall_segment Palisade Wall x5 |
| 13:02 | Jahhed · wall_segment Palisade Wall x1 |
| 13:04 | uel · wall_segment Palisade Wall x14 |
| 13:11 | uel · wall_segment Palisade Wall x7 |
| 14:24 | uel · wall_segment Palisade Wall x5 |
| 15:06 | uel · wall_segment Palisade Wall x8 |
| 15:26 | Jahhed · wall_segment Palisade Wall x4 |
| 16:17 | Jahhed · wall_segment Palisade Wall x8 |
| 16:24 | Jahhed · wall_segment Palisade Wall x3 |
| 18:22 | Jahhed · wall_segment Palisade Wall x8 |
| 20:30 | uel · age_up castle |
| 21:37 | Jahhed · wall_segment Palisade Wall x4 |
| 21:38 | Jahhed · wall_segment Palisade Wall x4 |
| 22:44 | uel · first_market_sell 100 wood |
| 23:36 | Jahhed · resign |
[ AI ANALYSIS · 1 CREDIT ]
What really happened in this match?
Wolo.gg analyzes every decision: build order, eco, micro, common mistakes by bracket. Personalized analysis on WhatsApp or Discord in 30 seconds.
Civ guide
Malians
Perfil
Jugador #9754373